 Dungeon Crawl Stone Soup version 0.26.0-45-g9c1d065592 (webtiles) character file.

Game seed: 4688950844820099055

21 kaeus the Sneak (level 2, 0/17 HPs)
             Began as an Octopode Enchanter on Jan 29, 2021.
             Slain by a jackal (2 damage)
             ... on level 1 of the Dungeon.
             The game lasted 00:00:25 (662 turns).

kaeus the Sneak (Octopode Enchanter)                 Turns: 662, Time: 00:00:25

Health: 0/17       AC:  1    Str:  7    XL:     2   Next: 87%
Magic:  5/5        EV: 13    Int: 17    God:
Gold:   39         SH:  0    Dex: 12    Spells: 4/5 levels left

rFire    . . .     SeeInvis .   a - +1 dagger
rCold    . . .     Faith    .   (no shield)
rNeg     . . .     Spirit   .   (helmet restricted)
rPois    .         Reflect  .   (no amulet)
rElec    .         Harm     .   (no ring)
rCorr    .         Rampage  .   (no ring)
Will     .....                  (no ring)
Stlth    ++++......             (no ring)
HPRegen  0.05/turn              (no ring)
MPRegen  0.09/turn              (no ring)
                                (no ring)
                                (no ring)

@: no status effects
A: almost no armour, stealthy swim, amphibious, 8 rings, constrict 8, camouflage
1, gelatinous body 1
a: no special abilities


You were on level 1 of the Dungeon.
You visited 1 branch of the dungeon, and saw 1 of its levels.

You collected 39 gold pieces.

Inventory:

Hand Weapons
 a - a +1 dagger (weapon)
Jewellery
 f - a cursed amulet of inaccuracy {unknown}
Scrolls
 b - 2 scrolls of identify {unknown}
 d - a scroll of immolation {unknown}
 e - a scroll of enchant weapon {unknown}
 g - a scroll of enchant armour {unknown}
Potions
 c - a potion of cancellation {unknown}
 h - a potion of mutation {unknown}


   Skills:
 + Level 1.3 Short Blades
 + Level 2.1 Dodging
 * Level 4.6 Stealth
 + Level 2.2 Spellcasting
 + Level 3.1 Hexes


You had 4 spell levels left.
You knew the following spells:

 Your Spells              Type           Power        Failure   Level
a - Corona                Hex            13%          5%          1

Your spell library contained the following spells:

 Spells                   Type           Power        Failure   Level
 Ensorcelled Hibernation  Hex/Ice        14%          16%         2
 Confusing Touch          Hex            12%          16%         3
 Tukima's Dance           Hex            12%          16%         3
 Dazzling Flash           Conj/Hex       14%          30%         3


Dungeon Overview and Level Annotations

Branches:
Dungeon (1/15)

Altars:


Innate Abilities, Weirdness & Mutations

You cannot wear most types of armour.
You are very stealthy in the water. (Stealth+)
You are amphibious.
You can wear up to eight rings at the same time.
You can use your tentacles to constrict eight enemies at once.
Your skin changes colour to match your surroundings (Stealth+).
Your rubbery body absorbs attacks. (AC +1, EV +1)


Message History

You constrict the jackal.
The jackal struggles to escape constriction.
The jackal escapes!
You completely miss the jackal. Your grab misses the jackal.
Your squeeze misses the jackal.
The jackal is heavily wounded.
The jackal misses you.
You hit the jackal but do no damage. Your grab misses the jackal.
The jackal is heavily wounded.
The jackal closely misses you. The jackal barely misses you. x2
You closely miss the jackal. Your grab misses the jackal.
The jackal is heavily wounded.
The jackal bites you.
* * * LOW HITPOINT WARNING * * *
The jackal barely misses you. The jackal completely misses you.
You take 1 damage, and have 4/17 hp.
You barely miss the jackal. Your grab misses the jackal. The jackal bites you.
* * * LOW HITPOINT WARNING * * *
The jackal bites you.
You die...

#######.#####.#
#................##.#
#..............).##.#
#................##.#
#.......#####.#####.#
#.......# #.....##.#
##.......# #.######.###
#......†.####.##.....#..
#@h..#.....#####..
#h##>#..#### #..
#h##>#..########..
#.##.............#
#.####.#.####†.... #.#
#.#.# ###### #.# #.#.#
... ..#.# ###.#


You could see 3 jackals.

Vanquished Creatures
  A dart slug (D:1)
  A giant cockroach (D:1)
  A goblin (D:1)
  4 hobgoblins (D:1)
  5 jackals (D:1)
  A ball python (D:1)
  A bat (D:1)
  A kobold (D:1)
  2 rats (D:1)
17 creatures vanquished.

Notes
Turn   | Place    | Note
-------+----------+-------------------------------------------
     0 | D:1      | kaeus the Octopode Enchanter began the quest for the Orb.
     0 | D:1      | Reached XP level 1. HP: 11/11 MP: 3/3
    48 | D:1      | Reached XP level 2. HP: 2/17 MP: 5/5
   662 | D:1      | Slain by a jackal

Illustrated notes

Levels and vault maps discovered:
D:1:      lemuel_arrival_behind_the_door_small, layout_basic

Action                   || total
-------------------------++-------
Melee: Dagger            ||    44
       Constrict         ||    12
       Tentacles         ||     2
 Stab: Sleeping          ||     7
Armor: Skin              ||     4
Dodge: Dodged            ||    30
